 Dungeon Crawl Stone Soup version 0.19-a0-1002-g674d22e (webtiles) character file.

12243 Levianaught the Nimble (level 11, -3/111 HPs)
             Began as a Minotaur Berserker on July 18, 2016.
             Was an Elder of Trog.
             Slain by a freezing wraith (20 damage)
             ... led by a death knight
             ... on level 12 of the Dungeon.
             The game lasted 00:56:44 (9202 turns).

Levianaught the Nimble (Minotaur Berserker)         Turns: 9202, Time: 00:56:44

Health: -3/111     AC: 10    Str: 24    XL:     11   Next: 59%
Magic:  10/10      EV: 18    Int:  4    God:    Trog [****..]
Gold:   271        SH:  0    Dex: 11    Spells: 0 memorised, 10 levels left

rFire  . . .     SeeInvis .     D - +0 whip (freeze)
rCold  . . .     Gourm    .     k - +2 troll leather armour
rNeg   + . .     Faith    .     (no shield)
rPois  .         Spirit   .     (helmet restricted)
rElec  .         Dismiss  .     g - +0 cloak
rCorr  .         Reflect  .     s - +0 pair of gloves
SustAt .         Harm     .     (no boots)
MR     .....                    (no amulet)
Stlth  +.........               (no ring)
                                l - ring of positive energy

@: exhausted, slowed, very slow, not resistant to hostile enchantments, very
unstealthy
A: retaliatory headbutt, horns 2, thin skeletal structure 1, robust 1, weak 1,
MP-powered wands, sturdy frame 1
a: Berserk, Trog's Hand, Brothers in Arms, Burn Spellbooks, Renounce Religion


You were on level 12 of the Dungeon.
You worshipped Trog.
Trog was greatly pleased with you.
You were not hungry.

You visited 1 branch of the dungeon, and saw 12 of its levels.

You collected 576 gold pieces.
You spent 305 gold pieces at shops.

Inventory:

Hand Weapons
 e - a +3 quarterstaff of chaos
 f - a cursed -1 arbalest
 D - a +0 whip of freezing (weapon)
 P - a +1 vampiric long sword
Missiles
 d - 4 silver tomahawks (quivered)
 K - 4 needles of sleeping
Armour
 g - a +0 cloak (worn)
 k - a +2 troll leather armour (worn)
 q - a +4 plate armour
 s - a +0 pair of gloves (worn)
 t - a +3 chain mail of cold resistance
Magical Staves
 M - an uncursed staff of earth
Jewellery
 l - a ring of positive energy (left hand)
Wands
 m - a wand of polymorph (22/24)
 r - a wand of flame (20/48)
 v - a wand of acid (12/15)
 w - a wand of iceblast (7/15)
 x - a wand of iceblast (8/15)
 A - a wand of confusion (23/48)
 B - a wand of disintegration (10/24)
 I - a wand of slowing (13/48)
Scrolls
 b - 2 scrolls of teleportation
 i - 5 scrolls of identify {fucck}
 n - 2 scrolls of fear
 u - 3 scrolls of blinking
 y - 6 scrolls of remove curse
 E - 2 scrolls of recharging
 L - a scroll of amnesia {unknown}
Potions
 a - a potion of cancellation {unknown}
 h - a potion of might {unknown}
 j - a potion of cure mutation {unknown}
 o - a potion of lignification {unknown}
 p - a potion of brilliance {unknown}
 F - a potion of degeneration {unknown}
 H - 2 potions of curing
 J - a potion of agility
 O - a potion of berserk rage {unknown}
Books
 C - a Young Poisoner's Handbook

   Spells                             Type                      Level
   a - Sting                          Conjuration/Poison           1
   b - Mephitic Cloud                 Conjuration/Poison/Air       3
   c - Olgreb's Toxic Radiance        Poison                       4
   d - Alistair's Intoxication        Transmutation/Poison         5
   e - Venom Bolt                     Conjuration/Poison           5
   Trog disapproves of the use of such an item.
Miscellaneous
 N - a fan of gales
Comestibles
 c - 3 bread rations
 G - 3 meat rations


   Skills:
 - Level 10.5 Fighting
 + Level 3.1 Long Blades
 - Level 8.6 Maces & Flails
 - Level 9.1 Armour
 - Level 11.4 Dodging
 + Level 9.1 Unarmed Combat


You had 10 spell levels left.
You didn't know any spells.

Dungeon Overview and Level Annotations

Branches:
Dungeon (12/15)            Temple (0/1) D:5            Lair (0/6) D:9
    Orc (0/2) D:11

Altars:
Kikubaaqudgha
Nemelex Xobeh
Ru
Yredelemnul
Zin

Shops:
D:4 ?   D:9 %


Innate Abilities, Weirdness & Mutations

You reflexively headbutt those who attack you in melee.
You have a pair of horns on your head.
You have a somewhat thin skeletal structure. (Dex +2, Stealth)
You are robust. (+10% HP)
You are weak. (Str -2)
You expend magic power (3 MP) to strengthen your wands.
Your movements are slightly less encumbered by armour. (ER -2)


Message History

You hit the freezing wraith but do no damage.
You headbutt the freezing wraith, but do no damage.
The freezing wraith misses you. x2
You hit the freezing wraith but do no damage.
The freezing wraith closely misses you.
The freezing wraith completely misses you.
You hit the freezing wraith but do no damage.
You headbutt the freezing wraith, but do no damage.
The freezing wraith hits you! The freezing wraith freezes you!!
* * * LOW HITPOINT WARNING * * *
The freezing wraith closely misses you.
You hit the freezing wraith.
The freezing wraith is lightly damaged.
The freezing wraith closely misses you. The freezing wraith barely misses you.
You hit the freezing wraith.
The freezing wraith is lightly damaged.
The freezing wraith hits you!
* * * LOW HITPOINT WARNING * * *
The freezing wraith freezes you!!
You die...

#.# #. #.# #.# #.# #.#
#.# #######+##### #+#####
#..[........######......#
#...........##.)@W......#
'...........#..###.[....#
#...........'.## ...(..#
#...........### ......#
#...........# ......#
######'###### ..pW..# #.#
z.....+ #.# ......# #.#


You could see a freezing wraith.

Vanquished Creatures
  Erica (D:11)
  2 death knights
  Nergalle (D:11)
  A skeletal warrior (D:12)
  2 unseen horrors (D:11)
  A hill giant (D:11)
  Pikel (D:6)
  2 ugly things
  A deep elf mage (D:12)
  A cyclops (D:12)
  A centaur skeleton (D:10)
  A troll (D:6)
  A spriggan (D:8)
  A wraith (D:12)
  A vampire (D:11)
  Eustachio (D:4)
  A hungry ghost (D:7)
  A warg (D:11)
  4 orc warriors
  An eye of draining (D:11)
  A sky beast (D:7)
  3 ice beasts
  2 phantoms
  6 ogres
  4 centaurs
  8 giant frogs
  A wyvern zombie (D:11)
  2 scorpions
  3 howler monkeys (D:9)
  2 wights (D:6)
  4 crimson imps
  2 centaur zombies
  A quasit (D:11)
  Crazy Yiuf (D:3)
  4 orc priests
  6 hounds
  6 jellies
  7 orc wizards
  2 iguanas
  Jessica (D:3)
  A giant frog skeleton (D:12)
  9 worker ants
  A hound skeleton (D:9)
  Robin (D:4)
  A worker ant zombie (D:5)
  A howler monkey zombie (D:5)
  4 gnolls (D:4)
  11 adders
  6 shadow imps
  An ooze (D:2)
  An adder skeleton (D:9)
  2 adder zombies (D:9)
  2 worms
  5 dart slugs
  6 giant geckos
  17 orcs
  3 ball pythons
  3 bats
  4 giant cockroaches
  15 goblins
  9 hobgoblins
  4 jackals (D:1)
  8 quokkas
  A giant gecko skeleton (D:4)
  4 giant newts
  6 kobolds
  7 rats
225 creatures vanquished.

Vanquished Creatures (collateral kills)
  3 orc warriors
  A wyvern zombie (D:11)
  4 crimson imps
  A giant frog zombie (D:11)
  A hound (D:11)
  2 orc wizards
  A worker ant (D:11)
  5 orcs
18 creatures vanquished.

Grand Total: 243 creatures vanquished

Notes
Turn   | Place    | Note
-------+----------+-------------------------------------------
     0 | D:1      | Levianaught the Minotaur Berserker began the quest for the Orb.
     0 | D:1      | Reached XP level 1. HP: 19/19 MP: 0/0
   158 | D:1      | Reached XP level 2. HP: 23/27 MP: 1/1
   585 | D:1      | Reached ** piety under Trog
   599 | D:1      | Reached XP level 3. HP: 34/34 MP: 2/2
  1717 | D:3      | Noticed an ogre
  1725 | D:3      | Killed an ogre
  1725 | D:3      | Reached skill level 5 in Fighting
  1725 | D:3      | Reached XP level 4. HP: 15/42 MP: 3/3
  1725 | D:3      | Reached XP level 5. HP: 17/49 MP: 4/4
  1971 | D:3      | Noticed Jessica
  1984 | D:3      | Killed Jessica
  2039 | D:3      | Gained mutation: You have a somewhat thin skeletal structure. (Dex +2, Stealth) [potion of mutation]
  2039 | D:3      | Gained mutation: Your body sometimes deteriorates upon taking damage. [potion of mutation]
  2039 | D:3      | Gained mutation: Your movements are slightly less encumbered by armour. (ER -2) [potion of mutation]
  2040 | D:3      | Gained mutation: Scrolls take you a little longer to read. [potion of mutation]
  2040 | D:3      | Gained mutation: You are robust. (+10% HP) [potion of mutation]
  2295 | D:3      | Reached *** piety under Trog
  2445 | D:3      | Found a runed door.
  2560 | D:3      | Noticed Crazy Yiuf
  2566 | D:3      | Killed Crazy Yiuf
  2901 | D:4      | Noticed an ogre
  2909 | D:4      | Noticed Eustachio
  2917 | D:4      | Killed an ogre
  2917 | D:4      | Reached XP level 6. HP: 63/63 MP: 5/5
  2933 | D:4      | Killed Eustachio
  2941 | D:4      | Reached XP level 7. HP: 72/72 MP: 6/6
  3016 | D:4      | Found Ybups's Magic Scroll Shoppe.
  3029 | D:4      | Bought a scroll of identify for 20 gold pieces
  3029 | D:4      | Bought a scroll of identify for 20 gold pieces
  3029 | D:4      | Bought a scroll of fear for 35 gold pieces
  3029 | D:4      | Bought a scroll of fear for 35 gold pieces
  3097 | D:4      | Found a sacrificial altar of Ru.
  3139 | D:4      | Noticed Robin
  3143 | D:4      | Killed Robin
  3234 | D:4      | Reached skill level 5 in Unarmed Combat
  3639 | D:5      | Entered Level 5 of the Dungeon
  3652 | D:5      | Found a staircase to the Ecumenical Temple.
  3820 | D:5      | Reached **** piety under Trog
  4233 | D:6      | Reached XP level 8. HP: 74/82 MP: 7/7
  4323 | D:6      | Noticed Pikel
  4346 | D:6      | Killed Pikel
  4399 | D:6      | Reached skill level 10 in Fighting
  4399 | D:6      | Reached skill level 5 in Maces & Flails
  4659 | D:6      | Reached skill level 3 in Dodging
  4728 | D:6      | Reached XP level 9. HP: 91/93 MP: 8/8
  4766 | D:6      | Noticed a troll
  4777 | D:6      | Killed a troll
  4802 | D:6      | You fall through a shaft for 3 floors!
  4892 | D:8      | Reached skill level 4 in Dodging
  5066 | D:7      | Reached skill level 5 in Armour
  5128 | D:7      | Lost mutation: Your body sometimes deteriorates upon taking damage. [mutagenic meat]
  5131 | D:7      | Gained mutation: You are clumsy. (Dex -2) [mutagenic meat]
  5134 | D:7      | Lost mutation: Scrolls take you a little longer to read. [mutagenic meat]
  5137 | D:7      | Lost mutation: You are clumsy. (Dex -2) [mutagenic meat]
  5318 | D:7      | Reached skill level 5 in Dodging
  5334 | D:7      | Found an ancient bone altar of Kikubaaqudgha.
  5581 | D:7      | Found a basalt altar of Yredelemnul.
  5584 | D:7      | Found a glowing silver altar of Zin.
  5586 | D:7      | Found a sparkling altar of Nemelex Xobeh.
  6391 | D:9      | Found a staircase to the Lair.
  6517 | D:9      | Reached skill level 6 in Dodging
  6591 | D:9      | Found Kuotuoh's Food Boutique.
  6605 | D:9      | Bought a meat ration for 65 gold pieces
  6605 | D:9      | Bought a meat ration for 65 gold pieces
  6605 | D:9      | Bought a bread ration for 65 gold pieces
  6685 | D:9      | Reached ***** piety under Trog
  6760 | D:9      | Reached skill level 7 in Dodging
  6760 | D:9      | Reached XP level 10. HP: 97/102 MP: 9/9
  7025 | D:10     | Entered Level 10 of the Dungeon
  7058 | D:10     | Received a gift from Trog
  7196 | D:10     | Reached skill level 8 in Dodging
  7764 | D:11     | Noticed Nergalle
  7786 | D:11     | Killed Nergalle
  7786 | D:11     | Reached skill level 9 in Dodging
  7944 | D:11     | Reached skill level 10 in Dodging
  7953 | D:11     | Killed an unseen horror
  7953 | D:11     | Received a gift from Trog
  8098 | D:11     | Found a staircase to the Orcish Mines.
  8103 | D:11     | Noticed a brown ugly thing
  8116 | D:11     | Killed a brown ugly thing
  8116 | D:11     | Reached skill level 11 in Dodging
  8125 | D:11     | Gained mutation: You are weak. (Str -2) [mutagenic meat]
  8128 | D:11     | Gained mutation: You expend magic power (3 MP) to strengthen your wands. [mutagenic meat]
  8262 | D:11     | Noticed Erica
  8262 | D:11     | Killed an unseen horror
  8292 | D:11     | Killed Erica
  8292 | D:11     | Reached XP level 11. HP: 23/108 MP: 4/10
  8568 | D:11     | Noticed a death knight
  8583 | D:11     | Killed a death knight
  8755 | D:11     | Noticed a hill giant
  8768 | D:11     | Killed a hill giant
  9071 | D:12     | Noticed a deep elf mage
  9074 | D:12     | Noticed a purple ugly thing
  9085 | D:12     | Killed a purple ugly thing
  9110 | D:12     | Killed a deep elf mage
  9161 | D:12     | Noticed a death knight
  9161 | D:12     | Noticed a skeletal warrior
  9179 | D:12     | Killed a death knight
  9191 | D:12     | Killed a skeletal warrior
  9202 | D:12     | Slain by a freezing wraith

Vault maps used:
D:1:      dpeg_arrival_signposts, kennysheep_flooded_box
D:3:      uniq_crazy_yiuf_cottage, uniq_jessica
D:4:      first_bread, serial_shops, nicolae_shop_window_shopping,
          nicolae_ru_sacrificial_ziggurat, uniq_eustachio, uniq_robin
D:6:      gammafunk_temple_overflow_pools, grunt_ministairs_15,
          kennysheep_generic_room_6, uniq_pikel
D:7:      old_standard_altar, grunt_temple_overflow_open, grunt_decor_clamped,
          minmay_crystal_water
D:8:      the_bakery
D:9:      dpeg_oklobed_lair, serial_shops,
          nicolae_shop_temple_entry_statues_fountains
D:10:     minmay_klotski, minivault_1
D:11:     david_orc_3, uniq_nergalle, uniq_erica
D:12:     serial_shops, kennysheep_mini

Skill      XL: |  1  2  3  4  5  6  7  8  9 10 11 |
---------------+----------------------------------+-----
Fighting       | 4 5 6 7 8 10 | 10.5
Maces & Flails | 4 5 7 8 |  8.6
Unarmed Combat | 2 3 4 6 7 9 |  9.1
Armour         | 3 6 8 9 |  9.1
Dodging        | 3 7 11 | 11.4
Long Blades    | 3 |  3.1

Action                   |  1- 3 |  4- 6 |  7- 9 | 10-12 || total
-------------------------+-------+-------+-------+-------++-------
Melee: Mace              |    78 |       |       |       ||    78
       Headbutt          |    13 |    18 |    82 |    79 ||   192
       Dagger            |    10 |    83 |   124 |       ||   217
       Punch             |       |     1 |    11 |    16 ||    28
       Spear             |       |       |    18 |       ||    18
       Whip              |       |       |   213 |   283 ||   496
       Unarmed           |       |       |     5 |       ||     5
Invok: Berserk           |     1 |     2 |     4 |    10 ||    17
       Brothers in Arms  |       |       |     2 |     6 ||     8
  Use: Scroll            |       |    10 |     6 |     3 ||    19
       Potion            |       |     4 |       |     3 ||     7
 Stab: Sleeping          |       |       |     1 |       ||     1
  Eat: Meat ration       |     1 |       |       |       ||     1
       Bread ration      |       |     1 |     6 |     3 ||    10
       Chunk             |       |       |     4 |     2 ||     6
       Pizza             |       |       |       |     1 ||     1
       Royal jelly       |       |       |       |     1 ||     1
Armor: Animal skin       |     2 |       |       |       ||     2
       Chain mail        |    38 |    45 |   151 |       ||   234
       Troll leather arm |       |       |    21 |    83 ||   104
       Plate armour      |       |       |       |     4 ||     4
Dodge: Dodged            |    45 |    41 |   183 |   164 ||   433
